 Dungeon Crawl Stone Soup version 0.27.0-1-g7a089689b8 (webtiles) character file.

Game seed: 10978111164074970012

272 ZombieSheep the Insei (level 6, -1/50 HPs)
             Began as a Draconian Transmuter on Aug 3, 2021.
             Was an Initiate of Hepliaklqana.
             Slain by a sky beast (5 damage)
             ... on level 5 of the Dungeon.
             The game lasted 00:09:00 (4078 turns).

ZombieSheep the Insei (Draconian Transmuter)        Turns: 4078, Time: 00:09:00

Health: -1/50      AC:  2    Str: 12    XL:     6   Next: 2%
Magic:  6/10       EV: 20    Int: 15    God:    Hepliaklqana [......]
Gold:   155        SH:  0    Dex: 17    Spells: 7/11 levels left

rFire    . . .     SeeInvis .     - Unarmed
rCold    . . .     Faith    .   (shield currently unavailable)
rNeg     . . .     Spirit   .   (armour unavailable)
rPois    x         Reflect  .   (helmet currently unavailable)
rElec    .         Harm     .   (cloak currently unavailable)
rCorr    .         Rampage  .   (gloves currently unavailable)
Will     .....                  (boots currently unavailable)
Stlth    ++........             (no amulet)
HPRegen  0.16/turn              (no ring)
MPRegen  0.12/turn              (no ring)

@: spider-form
A: venomous fangs, AC +6, tiny, unfitting armour, (cold-blooded)
a: End Transformation, Renounce Religion


You were on level 5 of the Dungeon.
You worshipped Hepliaklqana.
Hepliaklqana was noncommittal.
You were a venomous arachnid creature.
You visited 2 branches of the dungeon, and saw 6 of its levels.

You collected 155 gold pieces.

Inventory:

Missiles
 h - 14 poisoned darts (quivered)
Armour
 u - a +0 cloak
Jewellery
 e - a +4 ring of evasion
 i - a ring of protection from fire
 s - an amulet of faith
Scrolls
 b - a scroll of blinking
 c - a scroll of fear
 m - 4 scrolls of teleportation
 n - a scroll of magic mapping {unknown}
 o - a scroll of noise {unknown}
 p - a scroll of vulnerability {unknown}
 t - a scroll of torment {unknown}
Potions
 a - 2 potions of attraction
 d - a potion of resistance
 f - a potion of cancellation {unknown}
 g - a potion of curing {unknown}
 j - a potion of flight {unknown}
 k - a potion of heal wounds {unknown}
 l - a potion of degeneration {unknown}
 q - a potion of ambrosia {unknown}
 r - a potion of lignification {unknown}


   Skills:
 + Level 2.8 Fighting
 + Level 2.8 Dodging
 + Level 3.9 Unarmed Combat
 + Level 3.1 Spellcasting
 + Level 3.1 Transmutations
 + Level 1.6 Poison Magic


You had 7 spell levels left.
You knew the following spells:

 Your Spells              Type           Power      Damage    Failure   Level
a - Beastly Appendage     Tmut           22%        N/A       16%         1
b - Spider Form           Tmut/Pois      4%         N/A       43%         3

Your spell library contained the following spells:

 Spells                   Type           Power      Damage    Failure   Level
 Wereblood                Tmut           11%        N/A       22%         2
 Magic Dart               Conj           8%         1d3       41%         1
 Call Imp                 Summ           2%         N/A       52%         2
 Mephitic Cloud           Conj/Pois/Air  4%         N/A       65%         3
 Call Canine Familiar     Summ           2%         N/A       73%         3
 Portal Projectile        Hex/Tloc       4%         N/A       73%         3
 Ice Form                 Ice/Tmut       7%         N/A       87%         4
 Leda's Liquefaction      Hex/Erth       1%         N/A       97%         4


Dungeon Overview and Level Annotations

Branches:
Dungeon (5/15)             Temple (1/1) D:4

Altars:
Ashenzari
Hepliaklqana
Kikubaaqudgha
Makhleb
Nemelex Xobeh
Okawaru
Ru
Sif Muna
Uskayaw
Vehumet
Yredelemnul
Zin


Innate Abilities, Weirdness & Mutations

You are a venomous arachnid creature.
You have poisonous fangs.
You are tiny and dextrous.
Your spellcasting is less reliable in this form.
Your armour is entirely melded.
You are incapable of wielding weapons or throwing items.
((Your plain brown scales are hard. (AC +6)))
You cannot fit into any form of body armour.
((You are cold-blooded and may be slowed by cold attacks.))


Message History

The spell is quite dangerous to cast (24% risk of failure)!
Continue anyway?
You turn into a venomous arachnid creature.
You feel sick. The adder misses you.
You hit the adder but do no damage.
The adder is poisoned.
The adder is moderately wounded.
You feel sick. The adder misses you. The adder bites you.
You bite the adder!
The adder looks even sicker.
The adder is almost dead.
You feel sick. The adder bites you.
You are more poisoned.
The adder poisons you!
Your magical contamination has completely faded away.
You barely miss the adder.
The adder is almost dead.
You feel very sick.
You kill the adder!
The sky beast flickers out of sight!
Deactivating autopickup; reactivate with Ctrl-A.
You have reached level 6!
Your experience leads to an increase in your attributes!
Your base attributes are Str 12, Int 14, Dex 12.
Increase (S)trength, (I)ntelligence, or (D)exterity?
You feel clever.
Your scales feel tougher.
You closely miss something.
You feel sick. Something hits you. Something shocks you.
You barely miss something.
You feel sick. Something hits you. Something shocks you.
* * * LOW HITPOINT WARNING * * *
You barely miss something.
You feel sick. Something hits you but does no damage.
You closely miss something.
You feel sick. Something closely misses you.
You hit something.
You feel sick. Something closely misses you.
You hit something.
You feel sick. Something barely misses you.
You closely miss something.
You feel sick. Something barely misses you.
You bite something!
You feel sick.
You are no longer poisoned.
Something hits you.
* * * LOW HITPOINT WARNING * * *
Something shocks you.
You die...

..#.### .#.#. ##
..... .. ... .#
... .# #.# ####.#
#{# #....# #s#
###.####
#.#######......###
#.....>...........
######.##.##.#...#
#.##.##.###.#
#........<...
####.########
#).......
#########


There were no monsters in sight!

Vanquished Creatures
  2 water moccasin zombies (D:5)
  A howler monkey (D:4)
  A hound (D:1)
  4 adders
  An adder skeleton (D:4)
  A dart slug (D:2)
  4 orcs
  2 bats (D:1)
  An endoplasm (D:1)
  2 giant cockroaches
  7 hobgoblins
  6 jackals
  4 kobolds
  A quokka (D:1)
  2 ball pythons
  5 frilled lizards
  5 goblins (D:1)
  5 rats
54 creatures vanquished.

Notes
Turn   | Place    | Note
-------+----------+-------------------------------------------
     0 | D:1      | ZombieSheep the Draconian Transmuter began the quest for
                  | the Orb.
     0 | D:1      | Reached XP level 1. HP: 16/16 MP: 3/3
    89 | D:1      | Found a faded altar of an unknown god.
   220 | D:1      | Reached XP level 2. HP: 18/23 MP: 3/5
  1177 | D:1      | Reached XP level 3. HP: 12/29 MP: 4/6
  1368 | D:2      | Learned a level 3 spell: Spider Form
  1671 | D:2      | Found a sacrificial altar of Ru.
  1902 | D:3      | Reached XP level 4. HP: 33/36 MP: 5/7
  1930 | D:3      | Found a radiant altar of Vehumet.
  2192 | D:3      | Found a sacrificial altar of Ru.
  2572 | D:3      | Found an iron altar of Okawaru.
  2632 | D:4      | Found a staircase to the Ecumenical Temple.
  2660 | Temple   | Entered the Ecumenical Temple
  2914 | Temple   | Became a worshipper of Hepliaklqana the Forgotten
  3034 | D:4      | Reached skill level 1 in Poison Magic
  3034 | D:4      | Reached XP level 5. HP: 38/42 MP: 6/9
  3039 | D:4      | Noticed an ogre
  3654 | D:5      | Entered Level 5 of the Dungeon
  4062 | D:5      | Noticed a sky beast
  4071 | D:5      | Reached XP level 6. HP: 29/50 MP: 6/10
  4078 | D:5      | Slain by a sky beast

Illustrated notes

Levels and vault maps discovered:
D:1:      dpeg_arrival_fog, layout_loops_ring,
          hellmonk_ecumenical_altar_slurped_away, serial_rivers,
          chequers_serial_rivers_large_b, chequers_serial_rivers_small_3,
          chequers_serial_rivers_micro_c, chequers_serial_rivers_small_3,
          chequers_serial_rivers_marsh, minmay_strange_pillars
D:2:      layout_basic, basic_altar, grunt_ministairs_4, serial_bayou_pond_a,
          small_statue_intersection
D:3:      layout_loops_ring, general_overflow_altar,
          mainiacjoe_overflow_24_doors, kennysheep_okawaru_gauntlet
D:4:      layout_cave_pods, slow_altar_2, minmay_temple_entry_grid
D:5:      layout_basic, lemuel_round_altar
Temple:   nicolae_temple_figure_zero

Skill      XL: |  1  2  3  4  5 |
---------------+----------------+-----
Dodging        | 2 |  2.8
Fighting       | 2 |  2.8
Poison Magic   | 1 |  1.6
Spellcasting   | 3 |  3.1
Transmutations | 3 |  3.1
Unarmed Combat | |  3.9

Action                   |  1- 3 |  4- 6 || total
-------------------------+-------+-------++-------
Melee: Unarmed           |    98 |   113 ||   211
       Kick              |    10 |    18 ||    28
       Tailslap          |    14 |    11 ||    25
       Headbutt          |     8 |     9 ||    17
Throw: Dart              |       |     4 ||     4
 Cast: Beastly Appendage |    19 |    19 ||    38
       Spider Form       |       |     1 ||     1
  Use: Scroll            |     5 |     1 ||     6
 Stab: Sleeping          |     1 |       ||     1
Armor: Skin              |    26 |    38 ||    64
Dodge: Dodged            |    68 |    78 ||   146
